AoeStats
← 开心不易

Nomad

510530604Analyzed
3v3 RM · 1d ago on Oct 1, 2026· 32m 27s· 6 players
Game mode
Random Map
Map size
210×210
Population
200
Speed
Normal
Resources
Standard
Victory
Conquest
Starting age
Dark Age
Ending age
Imperial Age
RankedLock teamsTeams togetherTeam positionsShared explorationLock speedFull tech treeHidden civsTurbo modeCheats
Victory
Defeat
🇨🇳 Vietnamese · China
1477
+17
🇨🇳 Spanish · China
1458
+18
🇨🇳 Persians · China
1456
+18
🇦🇪 Varangians · United Arab Emirates
1525
-18
🇺🇸 Danes · United States
1498
-18
🇦🇪 Huns · United Arab Emirates
1488
-17
951341856
4:58 Loom
14:08 Feudal Age
18:01 Castle Age
26:40 Padded Archer Armor
26:36 Gold Mining
31:09 Wheelbarrow
局局卡子
8:50 Loom
12:47 Feudal Age
18:09 Castle Age
16:32 Fletching
16:35 Gold Mining
17:14 Double-Bit Axe
18:51 Bodkin Arrow
18:45 Horse Collar
22:58 Town Watch
28:31 Bloodlines
30:51 Bow Saw
31:51 Scale Mail Armor
开心不易
6:12 Loom
12:57 Feudal Age
17:59 Castle Age
16:16 Double-Bit Axe
17:05 Horse Collar
18:56 Scale Barding Armor
20:01 Chain Barding Armor
20:50 Forging
20:49 Gold Mining
21:17 Bloodlines
23:30 Heavy Plow
25:12 Wheelbarrow
24:23 Town Watch
24:56 Town Watch
26:20 Husbandry
Potato Edition55
4:22 Loom
4:30 Loom
12:18 Feudal Age
16:36 Castle Age
15:41 Scale Mail Armor
17:24 Forging
17:03 Arson
17:17 Town Watch
19:05 Squires
19:23 Chain Mail Armor
22:55 Double-Bit Axe
28:51 Fletching
30:44 Pikeman
Moog
4:35 Loom
14:13 Feudal Age
17:41 Castle Age
19:22 Fletching
24:12 Scale Barding Armor
24:13 Double-Bit Axe
25:37 Forging
SupremeStoner
12:59 Feudal Age
17:19 Castle Age
16:04 Scale Barding Armor
16:10 Forging
18:47 Chain Barding Armor
18:43 Loom
19:52 Bloodlines
19:54 Horse Collar
20:01 Double-Bit Axe
Connection lost

Rejoining the realm…

Still unreachable

The connection could not be restored.

Session expired

The server has moved on; the page needs a fresh start.